AoeStats
← ESPARTANO776678

African Clearing

506766178Analyzed
2v2 RM · 17d ago on Sep 15, 2026· 65m 12s· 4 players
Game mode
Random Map
Map size
Medium (4 player)
Population
200
Speed
Normal
Resources
Standard
Victory
Conquest
Starting age
Dark Age
Ending age
Imperial Age
RankedLock teamsTeams togetherTeam positionsShared explorationLock speedFull tech treeHidden civsTurbo modeCheats
Victory
Defeat
🇲🇽 Spanish · Mexico
867
+28
🇦🇷 Bulgarians · Argentina
592
+20
🇨🇦 Maya · Canada
700
-15
🇧🇷 Italians · Brazil
691
-15
segurancadigitaljc
13:40 Loom
19:41 Feudal Age
21:02 Double-Bit Axe
21:12 Gold Mining
25:40 Castle Age
33:02 Pikeman
TrezÉtranj
8:12 Loom
15:01 Feudal Age
15:39 Double-Bit Axe
18:55 Town Watch
23:44 Arson
26:25 Castle Age
27:44 Fletching
27:55 Scale Mail Armor
27:20 Pikeman
29:49 Bow Saw
31:18 Bodkin Arrow
32:07 Crossbowman
33:08 Chain Mail Armor
34:57 Town Patrol
37:47 Imperial Age
36:57 Wheelbarrow
36:36 Forging
39:23 Conscription
41:55 Holcans
41:34 Hul'che Javelineers
43:47 Bracer
44:18 Plate Mail Armor
45:49 Onager
46:15 Treadmill Crane
47:37 Chemistry
47:45 Elite Plumed Archer
50:20 Iron Casting
51:32 Ballistics
51:09 Murder Holes
51:25 Masonry
55:11 Blast Furnace
54:56 Gold Mining
54:57 Stone Mining
ale90
6:51 Loom
13:16 Feudal Age
14:02 Town Watch
15:00 Gold Mining
17:17 Wheelbarrow
17:39 Double-Bit Axe
18:05 Arson
18:22 Scale Mail Armor
18:34 Forging
28:29 Castle Age
27:10 Fletching
27:49 Stone Mining
29:08 Gambesons
29:26 Squires
29:50 Hand Cart
30:01 Thumb Ring
30:08 Padded Archer Armor
30:04 Bodkin Arrow
36:28 Town Patrol
36:38 Elite Skirmisher
37:35 Leather Archer Armor
37:37 Chain Mail Armor
37:59 Iron Casting
36:57 Pikeman
46:31 Stone Shaft Mining
46:33 Gold Shaft Mining
45:39 Horse Collar
46:15 Bow Saw
48:41 Imperial Age
48:09 Ballistics
47:45 Murder Holes
48:01 Masonry
51:09 Blast Furnace
55:50 Bagains
56:11 Conscription
57:52 Stirrups
59:58 Elite Konnik
61:42 Scale Barding Armor
61:38 Bracer
62:41 Chain Barding Armor
ESPARTANO776678
9:19 Loom
13:46 Feudal Age
14:27 Double-Bit Axe
17:15 Wheelbarrow
19:53 Horse Collar
28:58 Castle Age
28:30 Stone Mining
30:14 Hand Cart
31:02 Stone Shaft Mining
30:53 Bow Saw
30:48 Heavy Plow
37:50 Padded Archer Armor
37:55 Scale Barding Armor
39:22 Fletching
45:31 Imperial Age
43:30 Ballistics
43:06 Murder Holes
43:22 Fortified Wall
45:28 Leather Archer Armor
45:09 Bodkin Arrow
45:56 Gold Mining
47:00 Thumb Ring
48:52 Two-Man Saw
48:18 Inquisition
48:40 Conscription
49:36 Cavalier
50:17 Husbandry
51:52 Ring Archer Armor
51:23 Bracer
53:02 Chain Barding Armor
52:16 Elite Conquistador
54:23 Arrowslits
55:39 Chemistry
55:01 Paladin
58:42 Hoardings
60:05 Plate Barding Armor
59:31 Scale Mail Armor
59:42 Forging
58:58 Heavy Cavalry Archer
64:54 Chain Mail Armor
65:15 Iron Casting
Connection lost

Rejoining the realm…

Still unreachable

The connection could not be restored.

Session expired

The server has moved on; the page needs a fresh start.